 Dungeon Crawl Stone Soup version 0.30-a0-121-gb27577e5d9 (webtiles) character file.

Game seed: 13644998997263462746

7176 ragingrage the Covert (level 11, -3/59 (60) HPs)
             Began as a Kobold Brigand on Sept 14, 2022.
             Was a Priest of Wu Jian.
             Slain by a two-headed ogre
             ... wielding a +0 giant spiked club
              (16 damage)
             ... on level 9 of the Dungeon.
             The game lasted 00:13:16 (14166 turns).

ragingrage the Covert (Kobold Brigand)             Turns: 14166, Time: 00:13:17

HP:   -3/59 (60)    AC: 14    Str:  8    XL:     11   Next: 32%
MP:   11/11         EV: 19    Int: 14    God:    Wu Jian [***...]
Gold: 145           SH:  7    Dex: 20    Spells: 6/10 levels left

rFire   + + .      SeeInvis .    a - +4 short sword (flame)
rCold   + . .      Faith    +    C - +0 buckler
rNeg    . . .      Spirit   .    z - +2 leather armour {rF+}
rPois   .          Reflect  .    g - +0 helmet
rElec   .          Harm     .    w - scarf {rC+ rF+}
rCorr   .          Rampage  .    (no gloves)
Will    .....                    (no boots)
Stlth   +++++++...               D - amulet of faith
HPRegen 0.19/turn                u - +4 ring of protection
MPRegen 0.12/turn                H - +4 ring of protection

@: exhausted, lightly drained
A: small, no large weapons, nightstalker 3
a: Renounce Religion, Wall Jump, Serpent's Lash


You were on level 9 of the Dungeon.
You worshipped Wu Jian.
Wu Jian was most pleased with you.
You visited 2 branches of the dungeon, and saw 11 of its levels.

You collected 593 gold pieces.
You spent 448 gold pieces at shops.

Inventory:

Hand Weapons
 a - a +4 short sword of flaming (weapon)
Missiles
 d - 18 poisoned darts (quivered)
 t - 12 boomerangs
Armour
 c - a +0 cloak
 e - a +2 leather armour of cold resistance
 g - a +0 helmet (worn)
 w - a scarf of resistance (worn)
 z - a +2 leather armour of fire resistance (worn)
 C - a +0 buckler (worn)
Jewellery
 u - a +4 ring of protection (left hand)
 D - an amulet of faith (around neck)
 H - a +4 ring of protection (right hand)
Wands
 x - a wand of flame (66)
 B - a wand of quicksilver (5)
 E - a wand of iceblast (8)
Scrolls
 b - 2 scrolls of poison
 h - 2 scrolls of noise
 j - a scroll of enchant armour {unknown}
 k - 4 scrolls of fear
 o - a scroll of magic mapping
 p - 2 scrolls of amnesia
 r - 7 scrolls of identify
 s - a scroll of blinking {unknown}
 v - 5 scrolls of vulnerability
 y - 2 scrolls of teleportation {unknown}
 F - 2 scrolls of immolation {unknown}
 J - a scroll of acquirement {unknown}
 M - a scroll of enchant weapon {unknown}
Potions
 f - a potion of brilliance {unknown}
 m - 2 potions of cancellation {unknown}
 n - a potion of resistance {unknown}
 q - a potion of haste
 A - 2 potions of might
 G - a potion of curing
 I - a potion of flight {unknown}
 K - a potion of ambrosia
 L - a potion of lignification
Miscellaneous
 i - a phantom mirror (inert)


   Skills:
 + Level 3.4 Fighting
 - Level 10.0 Short Blades
 - Level 6.0 Throwing
 + Level 8.9 Dodging
 + Level 14.8 Stealth
 - Level 5.0 Shields
 + Level 2.6 Evocations


You had 6 spell levels left.
You knew the following spells:

 Your Spells              Type           Power      Damage    Failure   Level
a - Passage of Golubria   Tloc           0%         N/A       99%         4

Your spell library contained the following spells:

 Spells                   Type           Power      Damage    Failure   Level
 Foxfire                  Conj/Fire      0%         2x1d4     52%         1
 Inner Flame              Hex/Fire       0%         N/A       88%         3
 Kindle Blastsparks       Fire/Tloc/Air  0%         2d10      88%         3
 Portal Projectile        Hex/Tloc       0%         N/A       88%         3
 Tukima's Dance           Hex            0%         N/A       88%         3
 Flame Wave               Conj/Fire      0%         2d4       99%         4
 Blade Hands              Tmut           0%         N/A       100%        5
 Yara's Violent Unravell  Hex/Tmut       0%         3d3       100%        5


Dungeon Overview and Level Annotations

Branches:
Dungeon (10/15)            Temple (1/1) D:4            Lair (0/5) D:8
    Orc: D:9-12

Altars:
Ashenzari
Cheibriados
Dithmenos
Elyvilon
Gozag
Kikubaaqudgha
Makhleb
Nemelex Xobeh
Okawaru
Sif Muna
Trog
Vehumet
Wu Jian
Yredelemnul
Zin
The Shining One

Shops:
D:4 *


Innate Abilities, Weirdness & Mutations

You are small and have problems with some larger weapons.
You are completely attuned to the shadows.


Message History

The two-headed ogre completely misses you.
The two-headed ogre barely misses you.
There is a stone staircase leading up here.
Unknown command.
Okay, then.
You barely miss the two-headed ogre.
The wyvern hisses angrily.
You puncture the two-headed ogre! You burn the two-headed ogre.
The two-headed ogre is moderately wounded.
You block the two-headed ogre's attack.
The two-headed ogre hits you with a +0 giant club!!
You climb upwards.
There is a stone staircase leading down here.
Unknown command.
Your muscles tense, ready for explosive movement...
You spin and attack the two-headed ogre repeatedly, with incredible momentum.
You hit the two-headed ogre. You burn the two-headed ogre.
The two-headed ogre is moderately wounded.
You hit the two-headed ogre. You burn the two-headed ogre.
The two-headed ogre is moderately wounded.
You spin and attack the two-headed ogre repeatedly, with incredible momentum.
You hit the two-headed ogre but do no damage.
The two-headed ogre is moderately wounded.
You puncture the two-headed ogre! You burn the two-headed ogre.
The two-headed ogre is severely wounded.
Your supernatural speed expires.
You hit the two-headed ogre. You burn the two-headed ogre.
The two-headed ogre is severely wounded.
The two-headed ogre hits you with a +0 giant spiked club!
The two-headed ogre barely misses you.
You hit the two-headed ogre. You burn the two-headed ogre.
The two-headed ogre is severely wounded.
You hit the two-headed ogre. You burn the two-headed ogre.
The two-headed ogre is almost dead.
You hit the two-headed ogre. You burn the two-headed ogre.
The two-headed ogre is almost dead.
The two-headed ogre hits you with a +0 giant spiked club!
* * * LOW HITPOINT WARNING * * *
The two-headed ogre hits you with a +0 giant club!
You die...

#'###### #######.####*
#...# #..# ###.# #.##
#.# #.# ###'###
#####.##### ......#
#.........# ......######
#.........# ......'....#
#.........#
......####.###..@......#
......# #.....°O......#
......# #####..○......#
..[...# #######.###
......# #..# ###'###
#.## #..# #.# #.##
**####'### ##.#
*,......y#


You could see a two-headed ogre.

Vanquished Creatures
  A two-headed ogre (D:9)
  Joseph (D:7)
  A gargoyle (D:10)
  A komodo dragon (D:8)
  2 hornets
  Prince Ribbit (D:5)
  3 wraiths
  A steam dragon (D:9)
  4 vampire mosquitoes (D:9)
  Duvessa (D:5)
  A water moccasin (D:7)
  A black bear (D:6)
  A sky beast (D:6)
  An ogre (D:6)
  A centaur (D:7)
  A phantom (D:6)
  A kobold brigand (D:7)
  A necrophage (D:7)
  9 bullfrogs
  4 scorpions
  18 wights
  Dowan (D:5)
  12 killer bees
  Crazy Yiuf (D:7)
  2 orc priests
  2 gnoll boudas
  3 hounds
  2 jellies
  2 iguanas
  6 orc wizards
  8 gnolls
  14 adders
  3 white imps
  3 ufetubi (D:6)
  A dart slug (D:3)
  13 orcs
  5 endoplasms
  2 giant cockroaches
  9 goblins
  4 hobgoblins
  2 jackals
  4 quokkas
  5 ball pythons
  A bat (D:3)
  6 frilled lizards
  12 kobolds
  6 rats
184 creatures vanquished.

Vanquished Creatures (collateral kills)
  A hornet (D:9)
1 creature vanquished.

Vanquished Creatures (others)
  3 fungi (D:3)
  10 plants
13 creatures vanquished.

Grand Total: 198 creatures vanquished

Notes
Turn   | Place    | Note
-------+----------+-------------------------------------------
     0 | D:1      | ragingrage the Kobold Brigand began the quest for the Orb.
     0 | D:1      | Reached XP level 1. HP: 12/12 MP: 1/1
     2 | D:1      | Noticed a demigod
     2 | D:1      | Noticed a draconian
     4 | D:1      | Noticed a meteoran
     4 | D:1      | Noticed a vampire
     6 | D:1      | Noticed a demonspawn
     6 | D:1      | Noticed an elf
     8 | D:1      | Noticed a gargoyle
     8 | D:1      | Noticed a spriggan
    10 | D:1      | Noticed an octopode
    10 | D:1      | Noticed a merfolk
    12 | D:1      | Noticed a human
    14 | D:1      | Noticed a naga
    16 | D:1      | Noticed a formicid
    16 | D:1      | Noticed a vine stalker
    18 | D:1      | Noticed a minotaur
    18 | D:1      | Noticed a troll
    20 | D:1      | Noticed a felid
    22 | D:1      | Noticed an ogre
    22 | D:1      | Noticed a palentonga
    24 | D:1      | Noticed a tengu
    24 | D:1      | Noticed a ghoul
    26 | D:1      | Noticed a merfolk
    26 | D:1      | Noticed an octopode
   176 | D:1      | Reached XP level 2. HP: 17/17 MP: 2/2
   193 | D:1      | Found a faded altar of an unknown god.
   870 | D:1      | Reached XP level 3. HP: 21/21 MP: 3/3
  1346 | D:2      | Reached skill level 6 in Stealth
  1346 | D:2      | Reached XP level 4. HP: 26/26 MP: 4/4
  2497 | D:3      | Found a glowing silver altar of Zin.
  2533 | D:3      | Reached XP level 5. HP: 20/30 MP: 5/5
  3733 | D:4      | Found a shimmering blue altar of Sif Muna.
  3733 | D:4      | Found a shadowy altar of Dithmenos.
  4048 | D:4      | Found a staircase to the Ecumenical Temple.
  4104 | D:4      | Reached XP level 6. HP: 35/35 MP: 6/6
  4282 | D:4      | Found Rossevuvo's Neck Hole.
  4495 | D:4      | Reached skill level 5 in Short Blades
  4495 | D:4      | Reached skill level 7 in Stealth
  4534 | D:5      | Entered Level 5 of the Dungeon
  4933 | D:5      | Reached XP level 7. HP: 7/40 MP: 7/7
  5947 | D:5      | Noticed Dowan
  5949 | D:5      | Noticed Duvessa
  5953 | D:5      | Killed Duvessa
  5954 | D:5      | Reached skill level 5 in Throwing
  5954 | D:5      | Reached skill level 8 in Stealth
  5964 | D:5      | Killed Dowan
  6135 | D:5      | Noticed Prince Ribbit
  6139 | D:5      | Killed Prince Ribbit
  6140 | D:5      | Reached XP level 8. HP: 44/44 MP: 8/8
  6478 | D:6      | Reached skill level 9 in Stealth
  6689 | Temple   | Entered the Ecumenical Temple
  6976 | Temple   | Became a worshipper of the Wu Jian Council
  7501 | D:6      | Noticed a wraith
  7508 | D:7      | Noticed a hornet
  7511 | D:7      | Reached skill level 10 in Stealth
  7669 | D:6      | Killed a wraith
  7670 | D:6      | Reached XP level 9. HP: 28/48 MP: 9/9
  7793 | D:7      | Noticed Joseph
  8407 | D:6      | Reached skill level 11 in Stealth
  8679 | D:6      | Reached * piety under Wu Jian
  8727 | D:6      | Reached skill level 1 in Shields
  9309 | D:7      | Reached skill level 10 in Short Blades
  9438 | D:7      | Killed a hornet
 10155 | D:7      | Reached skill level 12 in Stealth
 10380 | D:7      | Reached XP level 10. HP: 53/53 MP: 10/10
 10384 | D:7      | Reached ** piety under Wu Jian
 10390 | D:7      | Reached skill level 5 in Dodging
 10495 | D:8      | Learned a level 4 spell: Passage of Golubria
 10931 | D:7      | Killed Joseph
 10932 | D:7      | Reached skill level 13 in Stealth
 11056 | D:4      | Bought a scarf of resistance for 448 gold pieces
 11329 | D:7      | Found a runed translucent door.
 11329 | D:7      | Identified the +1 hammer of Pride {pain, Contam rF++ rC++}
 11330 | D:7      | Identified the +4 hammer "Utedob" {protect, rN+ Str-5
                  | Dex+4}
 11333 | D:7      | Noticed Crazy Yiuf
 11337 | D:7      | Killed Crazy Yiuf
 11454 | D:8      | Found a bloodstained altar of Trog.
 11947 | D:8      | Found a staircase to the Lair.
 12001 | D:8      | Noticed a komodo dragon
 12043 | D:8      | Killed a komodo dragon
 12276 | D:9      | Noticed a two-headed ogre
 12280 | D:9      | Killed a two-headed ogre
 12340 | D:9      | Reached skill level 5 in Shields
 12367 | D:9      | Reached XP level 11. HP: 51/57 MP: 11/11
 12426 | D:9      | Reached skill level 14 in Stealth
 12457 | D:9      | Found a burning altar of Makhleb.
 12672 | D:10     | Entered Level 10 of the Dungeon
 12874 | D:10     | Noticed a two-headed ogre
 13079 | D:9      | Reached skill level 1 in Evocations
 13932 | D:9      | Reached *** piety under Wu Jian
 14166 | D:9      | Slain by a two-headed ogre

Illustrated notes

Levels and vault maps discovered:
D:1:      kb_arrival_jail, layout_rooms, shapermc_ecumenical_altar_pompeii
D:2:      layout_basic, bh_walls_and_bars
D:3:      layout_basic, mainiacjoe_overflow_chevrons, dk_noncrumbling_2,
          st_stairs_9
D:4:      layout_basic, gammafunk_temple_overflow_statue,
          minmay_temple_entry_waves, minmay_misc_feat_plants,
          nicolae_shop_sticking_my_neck_out
D:5:      layout_layer_cave, uniq_prince_ribbit1, uniq_duvessa
D:6:      layout_rooms, grunt_ministairs_5, hangedman_decor_peaks_small,
          chequers_serial_rivers_micro_c, kennysheep_dice
D:7:      layout_rooms, nicolae_fountain_basement, uniq_joseph,
          uniq_crazy_yiuf_cottage
D:8:      layout_cave_pools, amcnicky_altar_gilded, david_lair_shrubbed
D:9:      layout_roguey [special_room_bee], lemuel_tele_altar,
          kennysheep_little_box, minmay_statues_item
D:10:     layout_cave_pools, grunt_temple_overflow_cloverleaf,
          nicolae_ru_path_of_blood
Temple:   minmay_temple_curvy_loop

Skill      XL: |  1  2  3  4  5  6  7  8  9 10 11 |
---------------+----------------------------------+-----
Short Blades   | 3 4 5 6 8 10 | 10.0
Throwing       | 3 4 5 6 |  6.0
Stealth        | 6 7 8 10 12 13 14 | 14.8
Dodging        | 4 7 8 |  8.9
Shields        | 2 5 |  5.0
Evocations     | 2 |  2.6
Fighting       | 3 |  3.4

Action                   |  1- 3 |  4- 6 |  7- 9 | 10-12 || total
-------------------------+-------+-------+-------+-------++-------
Melee: Dagger            |    80 |   152 |   394 |    27 ||   653
       Punch             |     1 |     3 |     2 |       ||     6
       Short sword       |       |       |       |   271 ||   271
Throw: Dart              |       |       |    33 |     8 ||    41
       Boomerang         |       |       |     2 |       ||     2
Invok: Lunge             |       |       |    13 |    17 ||    30
       Whirlwind         |       |       |     5 |    22 ||    27
       Serpent's Lash    |       |       |       |     1 ||     1
Evoke: Wand              |       |       |     9 |       ||     9
       Phantom mirror    |       |       |       |     1 ||     1
  Use: Scroll            |       |     2 |     2 |     6 ||    10
       Potion            |       |     3 |     3 |     3 ||     9
 Stab: Sleeping          |     9 |    23 |    17 |    17 ||    66
       Distracted        |     1 |     1 |     3 |     1 ||     6
Armor: Robe              |    17 |    31 |     4 |       ||    52
       Leather armour    |       |       |   101 |    51 ||   152
Dodge: Dodged            |    67 |    66 |   188 |   142 ||   463
Block: Buckler           |       |       |    49 |    62 ||   111

Table legend: (Time is in decaauts)
 A = Elapsed time spent in this place.
 B = Non-inter-level travel time spent in this place.
 C = Inter-level travel time spent in this place.
 D = Time resting spent in this place.
 E = Time spent auto-exploring this place.
 F = Levels seen in this place.
 G = Mean time per level.
                   A        B        C        D        E       F      G
               +--------+--------+--------+--------+--------+-----+--------+
         Total |  13893 |  12853 |   1040 |   3703 |   7229 |  11 | 1263.0 |
       Dungeon |  13558 |  12604 |    954 |   3703 |   6984 |  10 | 1355.8 |
        Temple |    335 |    249 |     86 |      0 |    244 |   1 |  335.0 |
               +--------+--------+--------+--------+--------+-----+--------+

Top non-repeatable levels by time:
     D:6: 2378 daAuts
     D:5: 2166 daAuts
     D:9: 1427 daAuts
     D:3: 1355 daAuts
     D:7: 1325 daAuts
     D:1: 1274 daAuts
     D:8: 1268 daAuts
     D:4: 999 daAuts
     D:2: 966 daAuts
    D:10: 395 daAuts
  Temple: 335 daAuts
